 Dungeon Crawl Stone Soup version 0.30.1-4-g462c640d31 (webtiles) character file.

Game seed: 8633881905042726525

109050 Peloso the Fencer (level 16, -4/157 HPs)
             Began as a Minotaur Fighter on Sept 10, 2023.
             Was a High Priest of Okawaru.
             Slain by a raiju (9 damage)
             ... on level 3 of the Abyss on Sept 11, 2023.
             The game lasted 01:02:22 (29897 turns).

Peloso the Fencer (Minotaur Fighter)               Turns: 29897, Time: 01:02:22

Health: -4/157     AC: 24    Str: 21      XL:     16   Next: 4%
Magic:  16/16      EV: 14    Int:  4 (5)  God:    Okawaru [*****.]
Gold:   1515       SH: 16    Dex: 22      Spells: 15/15 levels left

rFire   + + +        c - +10 zealot's sword {holy, Zealotry, *Rage rN+ EV+3}
rCold   + + .        d - +2 buckler of the Goldsmith {-Cast Dex+6}
rNeg    + . .        X - +2 plate armour {rF+}
rPois   .            (helmet restricted)
rElec   .            A - scarf {rC+ rF+}
rCorr   +            (no gloves)
SInv    .            h - +0 pair of boots
Will    +....        H - amulet of reflection Stlth
                     T - ring of Liberalism {rF+ rC+ AC+4}
HPRegen 0.46/turn    q - ring of resist corrosion
MPRegen 0.15/turn

%: no spellcasting, random rage (20%), reflection
@: on berserk cooldown, slowed, studying Unarmed Combat, very slow
A: horns 2, retaliatory headbutt, (teleportitis 1), weak 1
a: Renounce Religion, Heroism, Finesse, Duel


You were on level 3 of the Abyss.
You worshipped Okawaru.
Okawaru was extremely pleased with you.
You visited 4 branches of the dungeon, and saw 22 of its levels.
You visited the Abyss 1 time.
You also visited: Ossuary, Ice Cave and Volcano.

You collected 2734 gold pieces.
You spent 1219 gold pieces at shops.

Inventory:

Hand Weapons
 a - a +1 double sword of protection
 b - a +2 scimitar of flaming
 c - the +10 zealot's sword (weapon) {holy, Zealotry, *Rage rN+ EV+3}
   (You acquired it in a volcano)

   Zealotry:  Whenever the wielder enters a berserk rage, their allies are
   berserked alongside them.
   EV:        It affects your evasion (+3).
   rN:        It protects you from negative energy.
   *Rage:     It berserks you when you make melee attacks (+20% chance).
Armour
 d - the +2 buckler of the Goldsmith (worn) {-Cast Dex+6}
   (You found it on level 2 of the Lair of Beasts)

   Dex:       It affects your dexterity (+6).
   -Cast:     It prevents spellcasting.
 g - a +0 crystal plate armour
 h - a +0 pair of boots (worn)
 A - a scarf of resistance (worn)
 R - +0 ice dragon scales
 W - +0 fire dragon scales
 X - a +2 plate armour of fire resistance (worn)
Jewellery
 f - an amulet of the acrobat
 j - a +4 ring of protection
 q - a ring of resist corrosion (right hand)
 B - a ring of poison resistance
 H - an amulet of reflection (around neck)
 M - a +6 ring of strength
 T - the ring of Liberalism (left hand) {rF+ rC+ AC+4}
   (You found it on level 3 of the Lair of Beasts)

   [ring of protection]

   AC:        It affects your AC (+4).
   rF:        It protects you from fire.
   rC:        It protects you from cold.
 Z - a ring of willpower
Wands
 o - a wand of charming (27)
 K - a wand of digging (8)
 L - a wand of roots (8)
 O - a wand of light (7)
 P - a wand of mindburst (8)
Scrolls
 e - 2 scrolls of enchant weapon
 k - 4 scrolls of enchant armour
 m - 5 scrolls of immolation
 n - a scroll of silence
 p - a scroll of poison
 r - 9 scrolls of teleportation
 t - 5 scrolls of fog
 u - 2 scrolls of blinking
 w - 9 scrolls of noise
 z - 5 scrolls of fear
 C - 5 scrolls of amnesia
 F - a scroll of summoning
 I - 9 scrolls of identify
 U - a scroll of magic mapping
Potions
 i - a potion of lignification
 l - 2 potions of might
 s - 2 potions of cancellation
 v - 2 potions of haste
 x - 6 potions of mutation
 D - a potion of curing
 E - 6 potions of heal wounds
 G - 3 potions of flight
 N - a potion of brilliance
 S - a potion of ambrosia
 V - a potion of magic
 Y - a potion of invisibility
Miscellaneous
 y - a phial of floods
 J - a condenser vane
 Q - a lightning rod (4/4)


   Skills:
 + Level 17.7 Fighting
 + Level 18.5 Long Blades
 + Level 1.0 Throwing
 + Level 15.9 Armour
 + Level 6.9 Dodging
 + Level 2.0 Stealth
 + Level 16.2 Shields
 + Level 2.6 Invocations
 + Level 0.3 Evocations


You had 15 spell levels left.
You didn't know any spells.
Your spell library contained the following spells:

 Spells                   Type           Power      Damage    Failure   Level
 Magic Dart               Conj           0%         1d3       99%         1
 Slow                     Hex            0%         N/A       99%         1
 Momentum Strike          Conj/Tloc      0%         3d8       100%        2
 Confusing Touch          Hex            0%         N/A       100%        3
 Ignite Poison            Fire/Tmut/Pois 0%         N/A       100%        3
 Mephitic Cloud           Conj/Pois/Air  0%         N/A       100%        3
 Ozocubu's Armour         Ice            0%         N/A       100%        3
 Spider Form              Tmut/Pois      0%         N/A       100%        3
 Vampiric Draining        Necr           0%         2d6       100%        3
 Vhi's Electric Charge    Tloc/Air       0%         N/A       100%        3
 Anguish                  Hex/Necr       0%         N/A       100%        4
 Cause Fear               Hex            0%         N/A       100%        4
 Leda's Liquefaction      Hex/Erth       0%         N/A       100%        4
 Manifold Assault         Tloc           0%         N/A       100%        4
 Sticky Flame             Conj/Fire      0%         2d3       100%        4
 Arcjolt                  Conj/Air       0%         1d10      100%        5
 Borgnjor's Vile Clutch   Necr/Erth      0%         N/A       100%        5
 Lee's Rapid Deconstruct  Erth           0%         3d4*      100%        5
 Metabolic Englaciation   Hex/Ice        0%         N/A       100%        5
 Dispersal                Tloc           0%         N/A       100%        6
 Statue Form              Tmut/Erth      0%         N/A       100%        6
 Dragon Form              Tmut           0%         N/A       100%        7
 Enfeeble                 Hex            0%         N/A       100%        7
 Ozocubu's Refrigeration  Ice            0%         4d7       100%        7
 Disjunction              Tloc           0%         N/A       100%        8
 Ignition                 Fire           0%         3d3       100%        8
 Maxwell's Capacitive Co  Air            0%         ∞         100%        8
 Summon Small Mammal      Summ           Unusable   N/A       N/A         1
 Call Imp                 Summ           Unusable   N/A       N/A         2
 Call Canine Familiar     Summ           Unusable   N/A       N/A         3
 Summon Guardian Golem    Hex/Summ       Unusable   N/A       N/A         3
 Animate Dead             Necr           Unusable   N/A       N/A         4
 Death Channel            Necr           Unusable   N/A       N/A         6
 Simulacrum               Ice/Necr       Unusable   N/A       N/A         6
 Summon Cactus Giant      Summ           Unusable   N/A       N/A         6
 Dragon's Call            Summ           Unusable   N/A       N/A         9

Dungeon Overview and Level Annotations

Branches:
Dungeon (14/15)            Temple (1/1) D:6            Lair (5/5) D:10
  Swamp (0/4) Lair:2       Spider (0/4) Lair:3        Slime (0/5) Lair:4
    Orc (2/2) D:12            Elf (0/3) Orc:2        Vaults (0/5) D:14
Ossuary (visited)           IceCv (visited)         Volcano (visited)

Altars:
Ashenzari
Cheibriados
Dithmenos
Elyvilon
Fedhas
Gozag
Hepliaklqana
Kikubaaqudgha
Makhleb
Nemelex Xobeh
Okawaru
Qazlal
Ru
Sif Muna
Trog
Uskayaw
Vehumet
Wu Jian
Xom
Yredelemnul
Zin
The Shining One

Shops:
D:6 ?   D:12 (   Orc:2 (!:??

Portals:
Trove: D:11 (give 17 scrolls of teleportation)


Innate Abilities, Weirdness & Mutations

You have a pair of horns on your head.
You reflexively headbutt those who attack you in melee.
((You are occasionally teleported next to monsters.))
You are weak. (Str -2)


Message History

You slice the large abomination!!
The large abomination convulses!!
You headbutt the large abomination.
The large abomination is almost destroyed.
The large abomination hits you!
* * * LOW HITPOINT WARNING * * *
Unknown command.
You slice the large abomination!!
You destroy the large abomination!
Okawaru accepts your kill.
Unknown command.
The neqoxec gestures at you.
Strange energies course through your body.
You feel weirdly uncertain.
You miss the neqoxec. You closely miss the neqoxec.
The neqoxec gestures at you.
Strange energies course through your body.
You feel weaker.
You closely miss the neqoxec.
A raiju comes into view.
The raiju barks!
You open the neqoxec like a pillowcase!!!
You kill the neqoxec!
Okawaru accepts your kill.
You feel a strong urge to attack something.
A raiju comes into view.
You feel your anger nearly subside.
You are no longer berserk.
You are exhausted.
You feel yourself slow down.
The raiju barks!
You hear a bark!
A raiju comes into view.
You feel like a meek peon again.
The raiju barks!
The raiju bursts into living lightning!
The living lightning hits you.
* * * LOW HITPOINT WARNING * * *
The raiju blinks!
The raiju bites you.
* * * LOW HITPOINT WARNING * * *
The raiju shocks you!
You die...

.#. ###.. # .
.. # . ...#.. .
.. ##. #.... .
... . ##
#.#...#.# ...#.
#...#.....#..#
#...##
.#..#....#.
#...h#
...#.....#
#.###.........
##@...##.#.# .
#..h.....#
#...#..##.##..#
#....#..# ..# #
#.####.... ###
# #..... #.##..
## ...


You could see 2 raiju.

Vanquished Creatures
  Jorgrun (D:12)
  Rupert (Lair:5)
  A tentacled starspawn (Abyss:3)
  A balrug (Orc:1)
  2 orc warlords
  An angel (Abyss:3)
  A very ugly thing (Abyss:3)
  Snorg (D:11)
  Harold (Orc:1)
  Josephine (D:12)
  7 hydras
  A rakshasa (D:10)
  Erolcha (Orc:2)
  3 catoblepae (Lair:5)
  2 ogre magi (Orc:2)
  6 two-headed ogres
  2 ironbound frosthearts (IceCv)
  3 boulder beetles
  14 death yaks
  A tengu warrior (D:14)
  A thrashing horror (Abyss:3)
  Sonja (Orc:2)
  7 skeletal warriors
  Nergalle (Orc:2)
  A sixfirhy (Abyss:3)
  A bog body (Lair:2)
  A flayed ghost (Abyss:3)
  3 anaconda skeletons (Volcano)
  2 orc knights
  3 deep elf pyromancers
  9 orc sorcerers (Orc:2)
  An oklob plant (Lair:4)
  5 cyclopes
  A worldbinder (Abyss:3)
  4 manticores
  An ice statue (IceCv)
  A demonic crawler (D:12)
  4 black mambas
  17 elephants
  5 gargoyles (Volcano)
  11 cane toads
  10 komodo dragons
  4 rime drakes
  An efreet (D:10)
  A tormentor (Abyss:3)
  2 freezing wraiths
  Psyche (D:11)
  A kobold demonologist (D:12)
  An ancient zyme (Abyss:3)
  5 trolls
  10 polar bears
  A hornet (Lair:3)
  12 blink frogs (Lair:3)
  3 flying skulls (Volcano)
  2 dream sheep (Lair:3)
  An alligator skeleton (Volcano)
  14 slime creatures
  6 spriggans (Lair:2)
  Sigmund (D:5)
  3 vampires
  14 wyverns
  7 wraiths
  A hog (shapeshifter) (D:14)
  4 starcursed masses (Abyss:3)
  65 yaks
  3 basilisks (Lair:2)
  6 golden eyes (Abyss:3)
  8 vampire mosquitoes
  3 steam dragons
  A neqoxec (Abyss:3)
  2 large abominations (Abyss:3)
  2 swamp worms (D:12)
  A swamp worm (shapeshifter) (Abyss:3)
  5 wargs
  4 acid dragons
  11 water moccasins
  17 orc warriors
  2 sky beasts
  4 black bears
  5 boggarts (D:13)
  7 ogres
  42 wolves
  10 centaurs
  A phantom (D:6)
  15 bullfrogs
  An elf zombie (Ossuary)
  3 kobold brigands
  2 scorpions
  12 killer bees
  4 howler monkeys
  2 spriggan skeletons (Volcano)
  2 troll skeletons (Volcano)
  7 hounds
  15 orc priests
  A jelly (D:5)
  2 gnoll boudas (D:5)
  5 iguanas
  32 orc wizards
  3 naga skeletons (Volcano)
  2 mummies (Ossuary)
  An adder (D:4)
  21 gnolls
  2 white imps (D:6)
  3 ufetubi
  5 adder zombies (Ossuary)
  A worm (D:4)
  A dart slug (D:5)
  72 orcs
  5 ball pythons
  7 endoplasms
  2 giant cockroaches
  10 goblins
  7 hobgoblins
  3 quokkas
  8 bats
  2 frilled lizards (D:1)
  A goblin zombie (Ossuary)
  8 hobgoblin zombies (Ossuary)
  25 kobolds
  11 kobold zombies (Ossuary)
  11 orc zombies (Ossuary)
  6 rats
755 creatures vanquished.

Vanquished Creatures (others)
  An orc wizard (Orc:2)
  2 starspawn tentacles (Abyss:3)
3 creatures vanquished.

Grand Total: 758 creatures vanquished

Notes
Turn   | Place    | Note
-------+----------+-------------------------------------------
     0 | D:1      | Peloso the Minotaur Fighter began the quest for the Orb.
     0 | D:1      | Reached XP level 1. HP: 19/19 MP: 0/0
   245 | D:1      | Reached XP level 2. HP: 27/27 MP: 1/1
   438 | D:1      | Reached XP level 3. HP: 21/33 MP: 2/2
  1475 | D:3      | Reached skill level 3 in Long Blades
  1482 | D:3      | Reached XP level 4. HP: 32/41 MP: 3/3
  1483 | D:3      | You fall into a shaft and drop 3 floors!
  1486 | D:6      | Noticed a sky beast
  1496 | D:6      | Killed a sky beast
  1497 | D:6      | Reached skill level 4 in Long Blades
  1497 | D:6      | Reached skill level 5 in Armour
  1497 | D:6      | Reached skill level 1 in Dodging
  1497 | D:6      | Reached XP level 5. HP: 42/47 MP: 4/4
  1510 | D:5      | Entered Level 5 of the Dungeon
  1539 | D:4      | Noticed an ogre
  1664 | D:3      | Found a burning altar of Makhleb.
  1754 | D:3      | Reached XP level 6. HP: 41/55 MP: 5/5
  1889 | D:3      | Reached skill level 5 in Fighting
  2798 | D:5      | Found an ornate altar of the Wu Jian Council.
  2819 | D:5      | Reached skill level 5 in Long Blades
  2983 | D:5      | Reached XP level 7. HP: 57/61 MP: 6/6
  3032 | D:5      | Noticed a yak
  3032 | D:5      | Noticed a yak
  3032 | D:5      | Noticed a yak
  3041 | D:5      | Noticed a yak
  3045 | D:5      | Noticed a yak
  3046 | D:5      | Killed a yak
  3047 | D:5      | Reached skill level 6 in Long Blades
  3048 | D:5      | Killed a yak
  3052 | D:5      | Killed a yak
  3053 | D:5      | Reached XP level 8. HP: 70/70 MP: 7/7
  3059 | D:5      | Reached skill level 7 in Long Blades
  3062 | D:5      | Reached skill level 5 in Shields
  3086 | D:5      | Found a snail-covered altar of Cheibriados.
  3110 | D:5      | Found a sparkling altar of Nemelex Xobeh.
  3458 | D:5      | Reached skill level 8 in Long Blades
  3682 | D:5      | Noticed Sigmund
  3687 | D:5      | Killed Sigmund
  3852 | D:4      | Reached XP level 9. HP: 76/79 MP: 8/8
  4053 | D:4      | Reached skill level 9 in Long Blades
  4357 | D:6      | Found a staircase to the Ecumenical Temple.
  4370 | Temple   | Entered the Ecumenical Temple
  4423 | Temple   | Became a worshipper of Warmaster Okawaru
  4835 | D:6      | Found Sipexzeci's Magic Scroll Emporium.
  5250 | D:7      | Reached skill level 10 in Long Blades
  5284 | D:7      | Found a sand-covered staircase.
  5364 | Ossuary  | Entered an ossuary
  5521 | Ossuary  | Reached * piety under Okawaru
  6129 | D:8      | Got Zaonur Archi's Verses on the Crypt and Peregrination
  6324 | D:8      | Reached skill level 11 in Long Blades
  7044 | D:9      | Reached ** piety under Okawaru
  7282 | D:9      | Found a broken altar of Ashenzari.
  7282 | D:9      | Found a shadowy altar of Dithmenos.
  7336 | D:9      | Noticed a troll
  7354 | D:9      | Killed a troll
  7355 | D:9      | Reached XP level 10. HP: 20/90 MP: 6/9
  8012 | D:10     | Entered Level 10 of the Dungeon
  8487 | D:10     | Noticed a two-headed ogre
  8496 | D:10     | Killed a two-headed ogre
  8497 | D:10     | Reached skill level 1 in Throwing
  8625 | D:10     | Reached skill level 10 in Fighting
  8626 | D:10     | Reached *** piety under Okawaru
  8627 | D:10     | Reached skill level 10 in Armour
  8842 | D:10     | Found a stormy altar of Qazlal.
  8965 | D:10     | Noticed a two-headed ogre
  8965 | D:10     | Noticed a two-headed ogre
  8982 | D:10     | Reached skill level 12 in Long Blades
  8982 | D:10     | Noticed a rakshasa
  9118 | D:10     | Reached XP level 11. HP: 87/102 MP: 7/10
  9440 | D:10     | Found a staircase to the Lair.
  9448 | D:10     | Reached **** piety under Okawaru
  9448 | D:10     | Received a gift from Okawaru
  9474 | D:10     | Killed a two-headed ogre
  9563 | D:10     | Killed a rakshasa
  9564 | D:10     | Reached skill level 13 in Long Blades
 10024 | D:10     | Killed a two-headed ogre
 10235 | D:11     | Noticed a boulder beetle
 10542 | D:10     | Killed a boulder beetle
 10615 | D:11     | Reached skill level 1 in Stealth
 10753 | D:11     | Reached ***** piety under Okawaru
 10754 | D:11     | Reached skill level 1 in Invocations
 10788 | D:11     | Noticed a two-headed ogre
 10802 | D:11     | Killed a two-headed ogre
 11138 | D:11     | Noticed Psyche
 11144 | D:11     | Killed Psyche
 11152 | D:11     | Received a gift from Okawaru
 11153 | D:11     | Reached skill level 14 in Long Blades
 11390 | D:11     | Noticed Snorg
 11401 | D:11     | Killed Snorg
 11710 | D:11     | Found a portal to a secret trove of treasure.
 11775 | D:11     | Found an iron altar of Okawaru.
 12042 | Lair:1   | Entered Level 1 of the Lair of Beasts
 12046 | Lair:1   | Noticed a death yak
 12046 | Lair:1   | Noticed a death yak
 12050 | Lair:1   | Noticed a death yak
 12050 | Lair:1   | Noticed a death yak
 12068 | Lair:1   | Killed a death yak
 12069 | Lair:1   | Reached XP level 12. HP: 27/112 MP: 9/11
 12078 | Lair:1   | Killed a death yak
 12088 | Lair:1   | Killed a death yak
 12089 | Lair:1   | Killed a death yak
 12090 | Lair:1   | Reached skill level 5 in Dodging
 12104 | Lair:1   | Found a frozen archway.
 12309 | IceCv    | Entered an ice cave
 12823 | IceCv    | Received a gift from Okawaru
 13037 | IceCv    | Noticed a death yak
 13037 | IceCv    | Noticed a death yak
 13046 | IceCv    | Noticed a death yak
 13050 | IceCv    | Killed a death yak
 13056 | IceCv    | Killed a death yak
 13057 | IceCv    | Reached skill level 15 in Long Blades
 13064 | IceCv    | Killed a death yak
 13140 | IceCv    | Reached skill level 10 in Shields
 13304 | IceCv    | Noticed a death yak
 13310 | IceCv    | Killed a death yak
 13315 | IceCv    | Noticed a death yak
 13328 | IceCv    | Killed a death yak
 13329 | IceCv    | Noticed an ironbound frostheart
 13329 | IceCv    | Noticed an ironbound frostheart
 13344 | IceCv    | Killed an ironbound frostheart
 13348 | IceCv    | Killed an ironbound frostheart
 13349 | IceCv    | Reached XP level 13. HP: 45/122 MP: 13/13
 13625 | IceCv    | Got the Thoughts on Generative Filth
 15077 | D:6      | Bought a scroll of acquirement for 780 gold pieces
 15223 | Lair:2   | Found a staircase to the Swamp.
 15275 | Lair:2   | You fall into a shaft and drop 1 floor!
 15417 | Lair:2   | Reached ****** piety under Okawaru
 15417 | Lair:2   | Identified the +4 scale mail "Wumiytuxi" {Harm rPois Dex+3}
                  | (Okawaru gifted it to you on level 2 of the Lair of Beasts)
 15417 | Lair:2   | Received a gift from Okawaru
 15497 | Lair:2   | Found a dark tunnel.
 15507 | Volcano  | Entered a volcano
 15581 | Volcano  | Reached skill level 16 in Long Blades
 16481 | Volcano  | Acquired the +10 zealot's sword {holy, Zealotry, *Rage rN+
                  | EV+3}
 16481 | Volcano  | Found the +10 zealot's sword {holy, Zealotry, *Rage rN+
                  | EV+3}
 17063 | Lair:2   | Reached skill level 15 in Fighting
 17085 | Lair:2   | Identified the +2 buckler of the Goldsmith {-Cast Dex+6}
 17290 | Lair:2   | Received a gift from Okawaru
 17708 | Lair:3   | Received a gift from Okawaru
 17723 | Lair:3   | Reached XP level 14. HP: 117/135 MP: 14/14
 18219 | Lair:3   | Reached skill level 17 in Long Blades
 18248 | Lair:3   | Received a gift from Okawaru
 18307 | Lair:3   | Found a blossoming altar of Fedhas.
 18566 | Lair:3   | Found a hole to the Spider Nest.
 18688 | Lair:3   | Identified the ring of Liberalism {rF+ rC+ AC+4}
 19085 | D:12     | Found a staircase to the Orcish Mines.
 19509 | D:12     | Found Lucrin's Weapon Boutique.
 19797 | D:12     | Received a gift from Okawaru
 20269 | Orc:1    | Entered Level 1 of the Orcish Mines
 20269 | Orc:1    | Noticed Josephine
 20280 | Orc:1    | Noticed Jorgrun
 20284 | D:12     | Killed Josephine
 20426 | Orc:1    | Noticed an orc warlord
 20443 | D:12     | Killed an orc warlord
 20914 | D:12     | Killed Jorgrun
 21171 | Orc:1    | Received a gift from Okawaru
 21470 | Orc:2    | Entered Level 2 of the Orcish Mines
 21533 | Orc:2    | Found Mefiteak's Magic Scroll Emporium.
 21592 | Orc:2    | Bought a scroll of brand weapon for 142 gold pieces
 21592 | Orc:2    | Bought a scroll of brand weapon for 142 gold pieces
 21609 | Orc:2    | Noticed Sonja
 21781 | Orc:2    | Killed Sonja
 21795 | Orc:2    | Noticed an orc warlord
 21824 | Orc:2    | Killed an orc warlord
 22191 | Orc:2    | Paralysed by an orc sorcerer for 4 turns
 22250 | Orc:2    | Found Ytumones's Distillery.
 22322 | Orc:2    | Found a radiant altar of Vehumet.
 22322 | Orc:2    | Noticed Erolcha
 22339 | Orc:2    | Killed Erolcha
 22340 | Orc:2    | Reached XP level 15. HP: 108/144 MP: 13/15
 22370 | Orc:2    | Noticed Nergalle
 22374 | Orc:2    | Found an ancient bone altar of Kikubaaqudgha.
 22386 | Orc:2    | Killed Nergalle
 22389 | Orc:2    | Paralysed by something for 3 turns
 22444 | Orc:2    | Paralysed by an orc sorcerer for 5 turns
 22892 | Orc:2    | Found a staircase to the Elven Halls.
 23005 | Orc:2    | Found Naattoew's Magic Scroll Emporium.
 23032 | Orc:2    | Found Roidd's Book Shoppe.
 23390 | Orc:2    | Bought a scroll of teleportation for 30 gold pieces
 23390 | Orc:2    | Bought a scroll of teleportation for 30 gold pieces
 23390 | Orc:2    | Bought a scroll of brand weapon for 95 gold pieces
 23398 | Orc:2    | Found Fets's Antique Weapon Shoppe.
 23533 | Orc:1    | Noticed Harold
 23542 | Orc:1    | Killed Harold
 23872 | Orc:1    | Found a runed translucent door.
 24194 | Lair:4   | Found a shimmering blue altar of Sif Muna.
 24341 | Lair:4   | Found a staircase to the Slime Pits.
 24388 | Lair:4   | Identified the +2 flail of Serendipity {pain, Str+5}
                  | (Okawaru gifted it to you on level 4 of the Lair of Beasts)
 24388 | Lair:4   | Received a gift from Okawaru
 25053 | Lair:5   | Entered Level 5 of the Lair of Beasts
 25090 | Lair:5   | Reached skill level 15 in Armour
 25291 | Lair:5   | Reached skill level 18 in Long Blades
 25291 | Lair:5   | Reached skill level 15 in Shields
 25904 | Lair:5   | Received a gift from Okawaru
 26450 | Lair:5   | Noticed Rupert
 26453 | Lair:5   | Paralysed by Rupert for 4 turns
 26471 | Lair:5   | Killed Rupert
 28122 | D:13     | Found a shimmering altar of Xom.
 28125 | D:13     | Found a shimmering altar of Xom.
 28126 | D:13     | Found a shimmering altar of Xom.
 29315 | D:14     | Found a blossoming altar of Fedhas.
 29632 | D:14     | Found a gate to the Vaults.
 29637 | Abyss:3  | Cast into level 3 of the Abyss (a wizard)
 29649 | Abyss:3  | Found a corrupted altar of Lugonu.
 29669 | Abyss:3  | Noticed a tentacled starspawn
 29675 | Abyss:3  | Killed a tentacled starspawn
 29675 | Abyss:3  | Identified the +1 pair of boots "Rozebug" {Harm Dex+2}
                  | (Okawaru gifted it to you on level 3 of the Abyss)
 29675 | Abyss:3  | Received a gift from Okawaru
 29856 | Abyss:3  | Reached XP level 16. HP: 36/157 MP: 16/16
 29888 | Abyss:3  | Gained mutation: You are occasionally teleported next to
                  | monsters. [a neqoxec]
 29890 | Abyss:3  | Gained mutation: You are weak. (Str -2) [a neqoxec]
 29897 | Abyss:3  | HP: 5/157 [raiju (4)]
 29897 | Abyss:3  | Slain by a raiju

Illustrated notes

Levels and vault maps discovered:
D:1:      minmay_arrival_four_loops, layout_basic, serial_curves,
          eino_curves_04, eino_curves_03
D:2:      layout_rooms, minmay_misc_feat_hallway, minmay_tromino_v4_b
D:3:      layout_basic, mainiacjoe_overflow_brackets
D:4:      layout_cave_pools, serial_column_ruins, column_ruins_hut,
          column_ruins_open_medium_water, column_ruins_open_tiny,
          column_ruins_grid_1, column_ruins_open_medium,
          column_ruins_corridor_straight, column_ruins_grid_3,
          nicolae_figureground_pulse
D:5:      layout_loops_ring, mainiacjoe_overflow_24_doors,
          mainiacjoe_overflow_cross_hatched, mainiacjoe_overflow_boulevard,
          kennysheep_generic_room_5, uniq_sigmund
D:6:      layout_loops_ring, minmay_temple_entry_slanted, serial_shops, shop
D:7:      layout_rooms, enter_ossuary_1,
          hangedman_abyss_or_decor_jellyfish_corner
D:8:      layout_loops_ring
D:9:      layout_loops_ring, gammafunk_temple_overflow_wave
D:10:     layout_loops_ring, nicolae_qazlal_general_emergency,
          minmay_lair_entry_grove, grunt_potential
D:11:     layout_stronghold, enter_trove_2, kennysheep_okawaru_gauntlet,
          uniq_snorg, uniq_psyche
D:12:     layout_loops_corners, minmay_orc_entry_temple_small, serial_shops,
          nicolae_lakefront_shop, worms_lemuel
D:13:     layout_small_grid, xom_redecorated
D:14:     layout_cave_pools, david_vaults_1, grunt_decor_one_mirror,
          fedhas_ov_isle_minmay
Temple:   nicolae_temple_superstar
Lair:1:   layout_loops_ring, portal_ice_cave_entry_pillars_1
Lair:2:   kb_forest_paths, layout_long_grid, skrybe_swamp_entry_bodies,
          nicolae_volcano_entry_two_sided
Lair:3:   nzn_winding_woodlands_medium [nzn_winding_woodlands_5x5_open_star,
          nzn_winding_woodlands_5x15_longhouse, nzn_winding_woodlands_hourglass,
          nzn_winding_woodlands_5x5_checkerboard,
          nzn_winding_woodlands_center_pierced_h,
          nzn_winding_woodlands_5x5_closed_star,
          nzn_winding_woodlands_5x5_three,
          nzn_winding_woodlands_5x15_split_checker,
          nzn_winding_woodlands_5x5_perimeter], layout_cave_pods,
          spider_nest_entry_web_field, basic_altar, infiniplex_staircase_pool_2,
          serial_bayou_shore_a, lemuel_fruit_tree
Lair:4:   layout_loops_ring, slime_entry_1, nicolae_quartered_pool_super,
          lemuel_oklob_altar
Lair:5:   evilmike_catoblepas_cave, layout_loops_ring,
          chequers_serial_rivers_room_b, infiniplex_staircase_pool,
          grunt_megastairs_5, uniq_rupert
Orc:1:    dreamdust_dug_too_deep, layout_diamond_mine, uniq_harold,
          uniq_josephine, uniq_jorgrun
Orc:2:    kennysheep_orc_mage_school, layout_caves, serial_shops, shop,
          basic_altar, uniq_sonja
Abyss:3:  base: D:6, nicolae_abyss_rune_star_stuff, abyss_exit_lava, minivault_1

Skill      XL: |  1  2  3  4  5  6  7  8  9 10 11 12 13 14 15 |
---------------+----------------------------------------------+-----
Fighting       | 4 5 6 7 8 11 12 13 15 16 17 | 17.7
Armour         | 4 5 6 7 8 9 10 11 12 13 14 15 | 15.9
Shields        | 4 5 6 8 10 11 14 16 | 16.2
Long Blades    | 3 4 5 6 8 11 12 14 15 16 17 18 | 18.5
Dodging        | 1 2 3 4 5 6 |  6.9
Throwing       | 1 |  1.0
Stealth        | 1 2 |  2.0
Invocations    | 1 2 |  2.6
Evocations     | |  0.3

Action                     |  1- 3 |  4- 6 |  7- 9 | 10-12 | 13-15 | 16-18 || total
---------------------------+-------+-------+-------+-------+-------+-------++-------
  Melee: Long sword        |    86 |   100 |   443 |   234 |       |       ||   863
         Headbutt          |    13 |    14 |    87 |   155 |   367 |     5 ||   641
         Scimitar          |       |       |       |   396 |    99 |       ||   495
         Double sword      |       |       |       |       |  1219 |       ||  1219
         Eudemon blade     |       |       |       |       |    82 |    16 ||    98
  Throw: Javelin           |       |       |     7 |     4 |       |       ||    11
         Throwing net      |       |       |     1 |       |       |       ||     1
 Invoke: Heroism           |       |       |     1 |    16 |    15 |     1 ||    33
  Evoke: Wand              |       |       |       |       |     1 |       ||     1
    Use: Potion            |     3 |     1 |     1 |     4 |     9 |     2 ||    20
         Scroll            |     1 |     1 |    16 |     6 |    12 |       ||    36
   Stab: Invisible         |       |       |       |       |     1 |       ||     1
 Armour: Scale mail        |    45 |    53 |    83 |       |       |       ||   181
         Chain mail        |       |       |   168 |   303 |    69 |       ||   540
         Plate armour      |       |       |       |       |   552 |     4 ||   556
  Dodge: Dodged            |    49 |    45 |   227 |   272 |   460 |     2 ||  1055
  Block: Buckler           |    23 |    22 |   110 |   217 |   993 |     5 ||  1370
         Reflection        |       |       |       |       |    28 |       ||    28
